 Dungeon Crawl Stone Soup version 0.24-a0-779-g36f0aeb843 (webtiles) character file.

Game seed: 5590926958496950574, levelgen mode: deterministic

91 CryoSword the Digger (level 4, -2/24 HPs)
             Began as a Gargoyle Earth Elementalist on Oct 8, 2019.
             Slain by an orc
             ... wielding a +0 flail
              (4 damage)
             ... on level 3 of the Dungeon.
             The game lasted 00:09:46 (1860 turns).

CryoSword the Digger (Gargoyle Earth Elementalist)  Turns: 1860, Time: 00:09:47

Health: -2/24      AC:  6    Str: 12    XL:     4   Next: 59%
Magic:  1/8        EV: 12    Int: 16    God:
Gold:   122        SH:  0    Dex: 10    Spells: 5/8 levels left

rFire    . . .     SeeInvis .   k - +0 whip
rCold    . . .     Gourm    .   (no shield)
rNeg     + . .     Faith    .   c - +0 robe
rPois    ∞         Spirit   .   e - +0 helmet
rElec    +         Reflect  .   (no cloak)
rCorr    .         Harm     .   (no gloves)
MR       .....                  (no boots)
Stlth    ++........             (no amulet)
HPRegen  0.08/turn              (no ring)
MPRegen  0.11/turn              (no ring)

@: no status effects
A: negative energy resistance 1, electricity resistance, unbreathing,
petrification resistance, rot immunity, AC +3
a: no special abilities


You were on level 3 of the Dungeon.
You were very hungry.

You visited 1 branch of the dungeon, and saw 3 of its levels.

You collected 122 gold pieces.

Inventory:

Hand Weapons
 k - a +0 whip (weapon)
   (You found it on level 1 of the Dungeon)
Missiles
 b - 61 stones
 i - 3 poisoned darts (quivered)
Armour
 c - a +0 robe (worn)
 e - a +0 helmet (worn)
   (You found it on level 1 of the Dungeon)
 j - a cursed +0 robe
   (You found it on level 1 of the Dungeon)
 m - a +0 scale mail
   (You found it on level 2 of the Dungeon)
Scrolls
 l - 2 scrolls of remove curse {unknown}
Potions
 f - 2 potions of curing {unknown}
 g - 2 potions of mutation {unknown}
 h - a potion of berserk rage {unknown}
Comestibles
 d - 8 rations {!d}


   Skills:
 + Level 0.8 Fighting
 + Level 1.7 Dodging
 - Level 2.1 Stealth
 + Level 2.8 Spellcasting
 - Level 0.7 Transmutations
 * Level 5.3 Earth Magic


You had 5 spell levels left.
You knew the following spells:

 Your Spells              Type           Power        Failure   Level  Hunger
a - Sandblast             Erth           ###...       2%          1    #......
b - Passwall              Tmut/Erth      ##......     9%          2    ##.....

Your spell library contained the following spells:

 Spells                   Type           Power        Failure   Level  Hunger
 Stone Arrow              Conj/Erth      ##....       19%         3    ###....
 Petrify                  Tmut/Erth      ##......     47%         4    #####..
 Lee's Rapid Deconstruct  Erth           ###.......   52%         5    ######.


Dungeon Overview and Level Annotations

Branches:
Dungeon (3/15)

Altars:
Ashenzari
Sif Muna


Innate Abilities, Weirdness & Mutations

You are resistant to torment.
Your stone body is resilient. (AC +3)
You are immune to poison.
You resist negative energy. (rN+)
You are resistant to electric shocks. (rElec)
You can survive without breathing.
You are immune to petrification.
You are immune to rotting.


Message History

b - 69 stones You see here a +0 falchion of slicing.
There is a stone staircase leading down here.
There is a stone staircase leading down here.
You start resting.
Magic restored.
You climb downwards.
The orc priest barely misses you.
There is a stone staircase leading up here.
Casting: Sandblast (safe; 2% risk of failure)
Confirm with . or Enter, or press ? or * to list all spells.
Aiming: Sandblast (safe; 2% risk of failure)
Press: ? - help, Shift-Dir - straight line, f - orc priest
Aim: an orc priest, wielding a +0 trident and wearing a +0 ring mail The blast of sand hits the orc priest but does no damage.
b - 68 stones The orc priest hits you with a +0 trident.
Casting: Sandblast (safe; 2% risk of failure)
Confirm with . or Enter, or press ? or * to list all spells.
Aiming: Sandblast (safe; 2% risk of failure)
Press: ? - help, Shift-Dir - straight line, f/p - orc priest
Aim: an orc priest, wielding a +0 trident and wearing a +0 ring mail The blast of sand hits the orc priest.
The orc priest is heavily wounded.
b - 67 stones The orc priest misses you.
Casting: Sandblast (safe; 2% risk of failure)
Confirm with . or Enter, or press ? or * to list all spells.
Aiming: Sandblast (safe; 2% risk of failure)
Press: ? - help, Shift-Dir - straight line, f/p - orc priest
Aim: an orc priest, wielding a +0 trident and wearing a +0 ring mail (heavily wounded)
The blast of sand hits the orc priest.
The orc priest is severely wounded.
b - 66 stones The orc priest calls down the wrath of Beogh upon you.
Pain shoots through your body!
* * * LOW HITPOINT WARNING * * *
Casting: Sandblast (safe; 2% risk of failure)
Confirm with . or Enter, or press ? or * to list all spells.
Aiming: Sandblast (safe; 2% risk of failure)
Press: ? - help, Shift-Dir - straight line, f/p - orc priest
Aim: an orc priest, wielding a +0 trident and wearing a +0 ring mail (heavily wounded)
The blast of sand hits the orc priest but does no damage.
The orc priest is heavily wounded.
b - 65 stones The orc priest hits you with a +0 trident.
* * * LOW HITPOINT WARNING * * *
Casting: Sandblast (safe; 2% risk of failure)
Confirm with . or Enter, or press ? or * to list all spells.
Aiming: Sandblast (safe; 2% risk of failure)
Press: ? - help, Shift-Dir - straight line, f/p - orc priest
Aim: an orc priest, wielding a +0 trident and wearing a +0 ring mail (heavily wounded)
The blast of sand hits the orc priest but does no damage.
The orc priest is heavily wounded.
b - 64 stones The orc priest hits you with a +0 trident!
* * * LOW HITPOINT WARNING * * *
Casting: Sandblast (safe; 2% risk of failure)
Confirm with . or Enter, or press ? or * to list all spells.
Aiming: Sandblast (safe; 2% risk of failure)
Press: ? - help, Shift-Dir - straight line, f/p - orc priest
Aim: an orc priest, wielding a +0 trident and wearing a +0 ring mail (heavily wounded)
The blast of sand hits the orc priest.
The orc priest is almost dead.
b - 63 stones The orc priest closely misses you.
Casting: Sandblast (safe; 2% risk of failure)
Confirm with . or Enter, or press ? or * to list all spells.
Aiming: Sandblast (safe; 2% risk of failure)
Press: ? - help, Shift-Dir - straight line, f/p - orc priest
Aim: an orc priest, wielding a +0 trident and wearing a +0 ring mail (almost dead)
The blast of sand hits the orc priest.
The orc priest is almost dead.
b - 62 stones The orc priest misses you.
Casting: Sandblast (safe; 2% risk of failure)
Confirm with . or Enter, or press ? or * to list all spells.
Aiming: Sandblast (safe; 2% risk of failure)
Press: ? - help, Shift-Dir - straight line, f/p - orc priest
Aim: an orc priest, wielding a +0 trident and wearing a +0 ring mail (almost dead)
The blast of sand hits the orc priest.
You kill the orc priest!
b - 61 stones
Casting: Sandblast (safe; 2% risk of failure)
Confirm with . or Enter, or press ? or * to list all spells.
You don't have enough magic to cast that spell.
Throwing (i - inventory. (/) - cycle)
i - 5 poisoned darts (quivered)
Press: ? - help, Shift-Dir - straight line, f - orc
Aim: an orc, wielding a +0 flail You throw a poisoned dart.
The poisoned dart barely misses the orc.
The orc barely misses you.
Throwing (i - inventory. (/) - cycle)
i - 4 poisoned darts (quivered)
Press: ? - help, Shift-Dir - straight line, f/p - orc
Aim: an orc, wielding a +0 flail You throw a poisoned dart.
The poisoned dart hits the orc.
The orc is poisoned.
The orc hits you but does no damage.
You hit the orc.
The orc is severely wounded.
The orc hits you with a +0 flail.
You die...

....... .......
.....K ....#
..o.# ....#
########....##.
#@o.....(......
########.......
....... .......
....... .......
.##.... .# .$..


You could see an orc.

Vanquished Creatures
  An orc priest (D:3)
  2 adders (D:2)
  2 dart slugs (D:1)
  A leopard gecko (D:2)
  2 orcs (D:2)
  2 bats
  3 giant cockroaches
  3 goblins
  6 hobgoblins
  7 kobolds
  A quokka (D:2)
  2 ball pythons (D:2)
  A frilled lizard (D:3)
  3 rats
36 creatures vanquished.

Notes
Turn   | Place    | Note
-------+----------+-------------------------------------------
     0 | D:1      | CryoSword the Gargoyle Earth Elementalist began the quest
                  | for the Orb.
     0 | D:1      | Reached XP level 1. HP: 10/10 MP: 3/3
   134 | D:1      | Reached skill level 4 in Earth Magic
   140 | D:1      | Reached XP level 2. HP: 12/15 MP: 5/5
   486 | D:1      | Learned a level 2 spell: Passwall
   725 | D:2      | Reached XP level 3. HP: 19/19 MP: 4/6
  1048 | D:2      | Found a shimmering blue altar of Sif Muna.
  1273 | D:2      | Found a shattered altar of Ashenzari.
  1277 | D:2      | Reached skill level 5 in Earth Magic
  1417 | D:2      | Reached XP level 4. HP: 24/24 MP: 5/8
  1854 | D:3      | HP: 1/24 [orc priest/+0 trident (7)]
  1860 | D:3      | Slain by an orc

Levels and vault maps discovered:
D:1:      lemuel_arrival_hallway, layout_rooms, st_stairs_2
D:2:      layout_basic, lemuel_round_altar, lemuel_crystal_altar
D:3:      layout_basic, lemuel_coloured_pillars_altar, minmay_misc_feat_chi

Skill      XL: |  1  2  3 |
---------------+----------+-----
Earth Magic    | 4 5 |  5.3
Fighting       | |  0.8
Dodging        | |  1.7
Stealth        | |  2.1
Spellcasting   | |  2.8
Transmutations | |  0.7

Action                   |  1- 3 |  4- 6 || total
-------------------------+-------+-------++-------
Melee: Dagger            |    29 |       ||    29
       Unarmed           |     7 |       ||     7
       Whip              |    43 |     5 ||    48
Throw: Dart              |    10 |     2 ||    12
       Stone             |     2 |       ||     2
 Cast: Sandblast         |    27 |    14 ||    41
 Stab: Sleeping          |     1 |       ||     1
  Eat: Chunk             |     2 |       ||     2
Armor: Robe              |    27 |     7 ||    34
Dodge: Dodged            |    67 |     8 ||    75

Table legend:
 A = Non-vault XP
 B = Vault XP
 C = Vault XP percentage of total XP
 D = Non-vault monster count
 E = Vault monster count
 F = Vault count percentage of total count
                 A         B        C        D         E       F
            +---------+---------+-------+---------+---------+-------
      Total |     123 |       8 |   6.1 |      32 |       4 |  11.1
            +---------+---------+-------+---------+---------+-------
        D:1 |      21 |       8 |  27.6 |      11 |       4 |  26.7
        D:2 |      60 |       0 |   0.0 |      19 |       0 |   0.0
        D:3 |      42 |       0 |   0.0 |       2 |       0 |   0.0
            +---------+---------+-------+---------+---------+-------
